 Dungeon Crawl Stone Soup version 0.19.0-2-gae57169 (webtiles) character file.

984 Leibowitz the Slicer (level 8, -8/48 HPs)
             Began as a Kobold Gladiator on Nov 6, 2016.
             Mangled by an orc warrior
             ... wielding a +0 scimitar
              (11 damage)
             ... in the Ecumenical Temple.
             The game lasted 00:16:13 (5084 turns).

Leibowitz the Slicer (Kobold Gladiator)             Turns: 5084, Time: 00:16:13

Health: -8/48      AC: 10    Str: 14      XL:     8   Next: 41%
Magic:  17/17      EV: 16    Int:  9      God:
Gold:   191        SH:  0    Dex: 13 (16) Spells: 0 memorised, 7 levels left

rFire  . . .     SeeInvis .     a - +1 rapier
rCold  . . .     Gourm    .     b - +0 leather armour
rNeg   . . .     Faith    .     (shield restricted)
rPois  .         Spirit   .     c - +0 helmet
rElec  .         Reflect  .     e - +1 cloak {MR+}
rCorr  .         Harm     .     B - +0 pair of gloves
MR     +....                    j - +2 pair of boots
Stlth  +++.......               (no amulet)
                                n - ring of magical power
                                l - ring of wizardry

@: no status effects
A: carnivore 3
a: no special abilities


You were in the Ecumenical Temple.
You were very full.

You visited 2 branches of the dungeon, and saw 7 of its levels.

You collected 191 gold pieces.

Inventory:

Hand Weapons
 a - a +1 rapier (weapon)
Missiles
 k - 31 poisoned needles
Armour
 b - a +0 leather armour (worn)
 c - a +0 helmet (worn)
 e - a +1 cloak of magic resistance (worn)
 j - a +2 pair of boots (worn)
 B - a +0 pair of gloves (worn)
Jewellery
 l - a ring of wizardry (left hand)
 n - a ring of magical power (right hand)
Scrolls
 h - 2 scrolls of identify
 t - a scroll of fear
 x - 2 scrolls of remove curse
 y - a scroll of enchant armour
Potions
 g - a potion of resistance
 i - a potion of degeneration
 o - 2 potions of curing
 z - 3 potions of agility
 D - a potion of heal wounds
 E - a potion of might
Books
 s - a book of Misfortune

   Spells                             Type                      Level
   a - Confusing Touch                Hexes                        1
   b - Confuse                        Hexes                        3
   c - Gell's Gravitas                Hexes/Translocation          3
   d - Petrify                        Transmutation/Earth          4
   e - Metabolic Englaciation         Hexes/Ice                    5
   f - Yara's Violent Unravelling     Hexes/Transmutation          5
Comestibles
 f - 9 meat rations
 q - a royal jelly
 r - a beef jerky


   Skills:
 + Level 4.2 Fighting
 + Level 8.3 Short Blades
 + Level 2.3 Throwing
 + Level 2.1 Armour
 + Level 5.1 Dodging
 * Level 6.5 Stealth


You had 7 spell levels left.
You didn't know any spells.

Dungeon Overview and Level Annotations

Branches:
Dungeon (6/15)             Temple (1/1) D:6

Altars:
Cheibriados
Dithmenos
Makhleb
Zin
The Shining One


Innate Abilities, Weirdness & Mutations

You are small and have problems with some larger weapons.
You are carnivorous and can eat meat at any time.


Message History

The orc warrior struggles against the net.
You hit the orc warrior but do no damage.
The orc warrior is almost dead.
The orc warrior struggles against the net.
The net rips apart, and the orc warrior comes free!
You hit the orc warrior.
The orc warrior is almost dead.
You closely miss the orc warrior.
The orc warrior is almost dead.
The orc warrior misses you.
You hit the orc warrior but do no damage.
The orc warrior is almost dead.
The orc warrior hits you with a scimitar!
* * * LOW HITPOINT WARNING * * *
You hit the orc warrior but do no damage.
The orc warrior is almost dead.
You hit the orc warrior.
The orc warrior is almost dead.
The orc warrior hits you with a scimitar!
You die...

≈≈≈≈≈≈≈......≈≈≈
.≈≈≈≈≈≈≈≈≈.....≈≈
......≈≈≈≈≈....≈≈
..........≈....≈≈
≈≈≈≈≈≈........≈≈≈
≈≈≈.........≈≈≈..
≈........<.......
....≈≈≈.o.......≈
..≈≈≈..@.....≈≈≈≈
.≈≈≈....≈........
≈≈≈≈....≈≈≈≈≈....
.≈≈≈.....≈≈≈≈≈≈≈≈
..≈≈≈......≈≈≈≈≈≈
...≈≈≈...........
....≈≈≈.._..≈≈≈.
.....≈≈≈...≈≈≈.


You could see an orc warrior.

Vanquished Creatures
  Menkaure (D:4)
  An orc warrior (D:2)
  A sky beast (D:5)
  An ogre (D:5)
  A wyvern skeleton (D:3)
  A crimson imp (D:5)
  An orc priest (D:4)
  A bullfrog skeleton (D:4)
  A centaur skeleton (D:4)
  An iguana (D:5)
  2 orc wizards
  4 worker ants
  7 gnolls
  6 adders
  A shadow imp (D:4)
  An ooze (D:3)
  A worm (D:2)
  A dart slug (D:3)
  3 leopard geckos
  17 orcs
  9 bats
  5 giant cockroaches
  13 goblins
  12 hobgoblins
  2 jackals (D:2)
  3 quokkas
  7 frilled lizards
  7 kobolds
  5 rats
116 creatures vanquished.

Notes
Turn   | Place    | Note
-------+----------+-------------------------------------------
     0 | D:1      | Leibowitz the Kobold Gladiator began the quest for the Orb.
     0 | D:1      | Reached XP level 1. HP: 12/12 MP: 1/1
   181 | D:1      | Reached skill level 1 in Stealth
   181 | D:1      | Reached XP level 2. HP: 17/17 MP: 2/2
   616 | D:1      | Reached XP level 3. HP: 19/22 MP: 3/3
   911 | D:2      | Reached skill level 5 in Short Blades
   991 | D:2      | Reached XP level 4. HP: 27/27 MP: 4/4
  1022 | D:2      | Found a snail-covered altar of Cheibriados.
  1597 | D:3      | Reached XP level 5. HP: 30/32 MP: 5/5
  1792 | D:3      | Reached skill level 6 in Short Blades
  1792 | D:3      | Reached XP level 6. HP: 15/37 MP: 6/6
  1976 | D:3      | Noticed an orc warrior
  2010 | D:2      | Killed an orc warrior
  2010 | D:2      | Reached skill level 1 in Armour
  2705 | D:3      | Found a shadowy altar of Dithmenos.
  2705 | D:3      | Found a burning altar of Makhleb.
  2705 | D:3      | Found a glowing silver altar of Zin.
  2797 | D:3      | Found a burning altar of Makhleb.
  2799 | D:3      | Noticed a blizzard demon
  2803 | D:3      | Noticed a ynoxinul
  2803 | D:3      | Noticed an orange demon
  2818 | D:4      | Reached XP level 7. HP: 41/41 MP: 7/7
  2870 | D:4      | Reached skill level 7 in Short Blades
  2994 | D:4      | Noticed Menkaure
  3003 | D:4      | Killed Menkaure
  3281 | D:4      | Reached skill level 5 in Stealth
  3734 | D:5      | Entered Level 5 of the Dungeon
  3769 | D:5      | Reached skill level 5 in Dodging
  3925 | D:5      | Reached XP level 8. HP: 29/48 MP: 8/8
  4183 | D:5      | Reached skill level 8 in Short Blades
  5041 | D:6      | Found a staircase to the Ecumenical Temple.
  5050 | Temple   | Entered the Ecumenical Temple
  5084 | Temple   | Mangled by an orc warrior

Skill      XL: |  1  2  3  4  5  6  7  8 |
---------------+-------------------------+-----
Stealth        | 1 2 3 4 5 6 |  6.5
Short Blades   | 5 6 7 8 |  8.3
Dodging        | 4 5 |  5.1
Fighting       | 3 4 |  4.2
Armour         | 1 2 |  2.1
Throwing       | |  2.3

Action                   |  1- 3 |  4- 6 |  7- 9 || total
-------------------------+-------+-------+-------++-------
Melee: Rapier            |   107 |   212 |   195 ||   514
Throw: Throwing net      |     1 |     1 |     2 ||     4
  Use: Scroll            |       |       |    10 ||    10
       Potion            |       |       |    10 ||    10
 Stab: Sleeping          |     4 |     4 |     5 ||    13
       Held in net/web   |       |     2 |       ||     2
       Distracted        |       |       |     1 ||     1
  Eat: Chunk             |     9 |     6 |     6 ||    21
Armor: Leather armour    |    29 |    59 |    33 ||   121
Dodge: Dodged            |    82 |   119 |   123 ||   324
